 Dungeon Crawl Stone Soup version 0.19.0-11-g3fc08b3 (webtiles) character file.

35 Kwzr the Grave Robber (level 3, 0/19 HPs)
             Began as a Gargoyle Necromancer on Nov 8, 2016.
             Slain by an adder (3 damage)
             ... on level 2 of the Dungeon on Nov 9, 2016.
             The game lasted 00:12:48 (1839 turns).

Kwzr the Grave Robber (Gargoyle Necromancer)        Turns: 1839, Time: 00:12:49

Health: 0/19       AC:  8    Str: 12    XL:     3   Next: 35%
Magic:  6/6        EV: 10    Int: 15    God:
Gold:   62         SH:  0    Dex: 10    Spells: 2 memorised, 3 levels left

rFire  . . .     SeeInvis .     d - +0 club
rCold  . . .     Gourm    .     k - +0 leather armour
rNeg   + . .     Faith    .     (no shield)
rPois  ∞         Spirit   .     (no helmet)
rElec  +         Reflect  .     (no cloak)
rCorr  .         Harm     .     (no gloves)
MR     .....                    (no boots)
Stlth  +.........               (no amulet)
                                (no ring)
                                g - +2 ring of protection

@: very heavily drained
A: negative energy resistance 1, electricity resistance, unbreathing,
petrification resistance, rot immunity, AC +3
a: no special abilities


You were on level 2 of the Dungeon.
You were hungry.

You visited 1 branch of the dungeon, and saw 2 of its levels.

You collected 62 gold pieces.

Inventory:

Hand Weapons
 d - a +0 club (weapon)
Armour
 a - a +0 robe
 k - a +0 leather armour (worn)
Jewellery
 g - a +2 ring of protection (left hand)
 m - an uncursed amulet of harm
Scrolls
 e - 2 scrolls of identify {unknown}
 f - a scroll of random uselessness {unknown}
 h - a scroll of amnesia {unknown}
 j - a scroll of fear {unknown}
 l - a scroll of remove curse {unknown}
 n - a scroll of teleportation {unknown}
Potions
 i - a potion of cure mutation {unknown}
 q - a potion of haste {unknown}
 r - 3 potions of curing {unknown}
 t - 2 potions of heal wounds
Books
 b - a book of Necromancy

   Spells                             Type                      Level
   a - Pain                           Necromancy                   1
   b - Animate Skeleton               Necromancy                   1
   c - Vampiric Draining              Necromancy                   3
   d - Regeneration                   Charms/Necromancy            3
   e - Animate Dead                   Necromancy                   4
   f - Control Undead                 Necromancy                   4
Comestibles
 c - a bread ration
 o - a fruit
 p - a beef jerky
 s - a chunk of flesh


   Skills:
 - Level 0.6(0.0) Maces & Flails
 - Level 1.8(0.0) Dodging
 - Level 2.1(0.0) Stealth
 - Level 2.6(0.0) Spellcasting
 + Level 0.1(0.0) Charms
 - Level 3.5(0.6) Necromancy


You had 3 spell levels left.
You knew the following spells:

 Your Spells              Type           Power        Failure   Level  Hunger
a - Pain                  Necr           #...         28%         1    ##.....
b - Regeneration          Chrm/Necr      #.........   89%         3    ####...


Dungeon Overview and Level Annotations

Branches:
Dungeon (2/15)

Altars:


Innate Abilities, Weirdness & Mutations

You are resistant to torment.
Your stone body is resilient. (AC +3)
You are immune to poison.
You resist negative energy. (rN+)
You are resistant to electric shocks. (rElec)
You can survive without breathing.
You are immune to petrification.
You are immune to rotting.


Message History

You closely miss the adder.
The adder is heavily wounded.
The adder bites you. The adder barely misses you.
You closely miss the adder.
The adder is heavily wounded.
The adder closely misses you. The adder bites you.
* * * LOW HITPOINT WARNING * * *
You closely miss the adder.
The adder is heavily wounded.
The adder barely misses you.
You miss the adder.
The adder is heavily wounded.
The adder closely misses you. The adder barely misses you.
You hit the adder.
The adder is almost dead.
The adder barely misses you. x2
You miss the adder.
The adder is almost dead.
The adder bites you.
You die...

# ##.###########.# ...#
#.# ###.# #.# #+
####.##### ...
#........# ...)
#.##.###.# .....
#........# #
......####........######
......S@................
..#
......####........######
..# ..... #........# #
#.# .... #........#
#.##### ... #........# #
......# #+# ####.....# #
...##.# #.##### ##.####
# ...##.# #.....### #.#
# ...##.####.......# #.#
#


You could see an adder.

Vanquished Creatures
  An ooze (D:2)
  A dart slug (D:1)
  2 leopard geckos
  2 giant cockroaches (D:1)
  4 goblins
  A hobgoblin (D:1)
  A quokka (D:1)
  2 ball pythons
  5 bats
  4 frilled lizards
  3 kobolds
  2 rats (D:1)
28 creatures vanquished.

Notes
Turn   | Place    | Note
-------+----------+-------------------------------------------
     0 | D:1      | Kwzr the Gargoyle Necromancer began the quest for the Orb.
     0 | D:1      | Reached XP level 1. HP: 10/10 MP: 3/3
   208 | D:1      | Reached XP level 2. HP: 12/15 MP: 1/5
  1262 | D:1      | Reached XP level 3. HP: 17/19 MP: 6/6
  1584 | D:2      | Learned a level 3 spell: Regeneration
  1748 | D:2      | Upgraded the game from 0.19.0-9-gfd783f2 to 0.19.0-11-g3fc08b3
  1839 | D:2      | Slain by an adder

Action                   || total
-------------------------++-------
Melee: Club              ||   140
 Cast: Pain              ||    10
       Regeneration      ||     1
  Use: Potion            ||     2
  Eat: Chunk             ||     3
Armor: Robe              ||    22
       Leather armour    ||    57
Dodge: Dodged            ||   101
